 Dungeon Crawl Stone Soup version 0.25.0-37-gb73750e0fb (webtiles) character file.

Game seed: 6317414642250720808

210 Ethylacetat the Poker (level 5, -1/39 HPs)
             Began as a Demonspawn Gladiator on July 8, 2020.
             Slain by a centaur (8 damage)
             ... on level 3 of the Dungeon.
             The game lasted 00:07:47 (2980 turns).

Ethylacetat the Poker (Demonspawn Gladiator)        Turns: 2980, Time: 00:07:48

Health: -1/39      AC:  7    Str: 13 (16) XL:     5   Next: 56%
Magic:  5/5        EV: 13    Int:  6 (9)  God:
Gold:   57         SH:  0    Dex: 12 (14) Spells: 4/4 levels left

rFire    + + .     SeeInvis .   a - +0 trident
rCold    + . .     Gourm    .   (no shield)
rNeg     . . .     Faith    .   b - +0 leather armour
rPois    .         Spirit   .   c - +0 helmet
rElec    .         Reflect  .   n - scarf {rC+ rF+}
rCorr    .         Harm     .   (no gloves)
MR       .....                  (no boots)
Stlth    +.........             (no amulet)
HPRegen  0.13/turn              (no ring)
MPRegen  0.09/turn              (no ring)

@: no status effects
A: molten scales 2, fire resistance 1
a: no special abilities


You were on level 3 of the Dungeon.
You were not hungry.

You visited 1 branch of the dungeon, and saw 3 of its levels.

You collected 57 gold pieces.

Inventory:

Hand Weapons
 a - a +0 trident (weapon)
Missiles
 d - 3 throwing nets (quivered)
Armour
 b - a +0 leather armour (worn)
 c - a +0 helmet (worn)
 n - a scarf of resistance (worn)
Scrolls
 e - 2 scrolls of identify {unknown}
 h - 3 scrolls of remove curse {unknown}
 j - a scroll of enchant armour {unknown}
 l - 2 scrolls of fear {unknown}
 m - 2 scrolls of teleportation {unknown}
 q - a scroll of fog {unknown}
Potions
 g - a potion of curing
 i - a potion of stabbing
 p - a potion of flight
Comestibles
 f - 5 rations
 r - a chunk of flesh


   Skills:
 + Level 2.6 Fighting
 + Level 4.5 Polearms
 + Level 1.8 Throwing
 + Level 1.2 Armour
 + Level 3.4 Dodging
 + Level 1.1 Stealth


You had 4 spell levels left.
You didn't know any spells.
Your spell library was empty.

Dungeon Overview and Level Annotations

Branches:
Dungeon (3/15)

Altars:


Innate Abilities, Weirdness & Mutations

You are mostly covered in molten scales. (AC +3)
Your flesh is heat resistant. (rF+)


Message History

You closely miss the hobgoblin.
The hobgoblin is almost dead.
The hobgoblin barely misses you.
You closely miss the hobgoblin.
The hobgoblin is almost dead.
The hobgoblin barely misses you.
You hit the hobgoblin.
You kill the hobgoblin!
The centaur shoots an arrow.
The arrow barely misses you.
You hit the hobgoblin.
The hobgoblin is almost dead.
The hobgoblin hits you but does no damage.
You hit the hobgoblin.
You kill the hobgoblin!
You barely miss the centaur.
The centaur unwields a +0 shortbow.
The centaur hits you.
* * * LOW HITPOINT WARNING * * *
The centaur barely misses you.
You barely miss the centaur. The centaur hits you!
You die...

####(......# #...#...#.##)###
......#.########....###..รท..###
#......####.......## ##)##...#
..##.#<...(..(....# #.##.#.# .
#.##.#.####.......## ##.##....
..##.##...# ###.#....###.###.#.#
#.......#.# #.#[..#........#.#
####.##.#.# #.#...#.######.#..
####......# #@#...#.# #.##.
.....##.#.# #c##.##.# ####.##.
###.......# #gg(g(..# ........
###.###.### ###...### ####.#.
........# ..#..... .#. ###.#####
...#..g... .#. ###.# ..#####.g)#
## ....# ... ...# ##### ....
....


You could see a centaur and 2 goblins.

Vanquished Creatures
  A howler monkey (D:2)
  6 adders
  A shadow imp (D:2)
  2 oozes (D:2)
  2 worms (D:2)
  2 dart slugs
  4 leopard geckos
  3 orcs (D:3)
  A ball python (D:1)
  10 bats
  5 giant cockroaches
  10 goblins
  13 hobgoblins
  2 jackals (D:2)
  A quokka (D:3)
  4 frilled lizards
  2 gnoll zombies (D:2)
  7 kobolds
  6 rats
82 creatures vanquished.

Notes
Turn   | Place    | Note
-------+----------+-------------------------------------------
     0 | D:1      | Ethylacetat the Demonspawn Gladiator began the quest for
                  | the Orb.
     0 | D:1      | Reached XP level 1. HP: 16/16 MP: 1/1
   159 | D:1      | Reached skill level 3 in Polearms
   193 | D:1      | Gained mutation: Your flesh is heat resistant. (rF+)
                  | [demonic ancestry]
   193 | D:1      | Reached XP level 2. HP: 22/22 MP: 2/2
   514 | D:2      | Reached XP level 3. HP: 16/27 MP: 3/3
  1405 | D:2      | Gained mutation: You are partially covered in molten
                  | scales. (AC +2) [demonic ancestry]
  1405 | D:2      | Reached XP level 4. HP: 33/33 MP: 4/4
  2113 | D:2      | Reached skill level 4 in Polearms
  2113 | D:2      | Reached skill level 1 in Stealth
  2131 | D:2      | Reached skill level 1 in Armour
  2131 | D:2      | Gained mutation: You are mostly covered in molten scales.
                  | (AC +3) [demonic ancestry]
  2131 | D:2      | Reached XP level 5. HP: 26/39 MP: 5/5
  2949 | D:3      | Noticed a centaur
  2980 | D:3      | Slain by a centaur

Illustrated notes

Levels and vault maps discovered:
D:1:      ncdulo_lavacross, layout_basic
D:2:      minmay_thinvault, layout_basic, lemuel_zombie_altar_yredelemnul,
          st_stairs_9, serial_park_tiny_2, kennysheep_generic_room_16
D:3:      layout_loops_cross, zin_purify, uniq_robin

Skill      XL: |  1  2  3  4 |
---------------+-------------+-----
Polearms       | 3 4 |  4.5
Dodging        | 3 |  3.4
Stealth        | 1 |  1.1
Armour         | 1 |  1.2
Fighting       | |  2.6
Throwing       | |  1.8

Action                   |  1- 3 |  4- 6 || total
-------------------------+-------+-------++-------
Melee: Trident           |   124 |   163 ||   287
  Use: Potion            |       |     6 ||     6
 Stab: Sleeping          |     1 |     3 ||     4
  Eat: Chunk             |     1 |     6 ||     7
Armor: Leather armour    |    33 |    41 ||    74
Dodge: Dodged            |    95 |    87 ||   182
